 Dungeon Crawl Stone Soup version 0.30-a0-1043-g60ff8d5f49 (webtiles) character file.

Game seed: 11097089743213945767

3565 Hubris850 the Martial Artist (level 10, -1/77 HPs)
             Began as a Gnoll Transmuter on Apr 10, 2023.
             Was a Believer of the Shining One.
             Slain by Amaemon
             ... wielding a +0 demon whip of venom
              (3 damage)
             ... on level 7 of the Dungeon.
             The game lasted 00:20:45 (7232 turns).

Hubris850 the Martial Artist (Gnoll Transmuter)     Turns: 7232, Time: 00:20:46

Health: -1/77      AC: 15    Str:  9    XL:     10   Next: 9%
Magic:  22/22      EV: 14    Int: 17    God:    the Shining One [**....]
Gold:   487        SH:  0    Dex: 13    Spells: 12/25 levels left

rFire   . . .      SeeInvis .    B - +7 glaive (flame)
rCold   . . .      Faith    .    (shield currently unavailable)
rNeg    + . .      Spirit   .    F - +0 acid dragon scales
rPois   .          Reflect  .    c - +0 helmet
rElec   .          Rampage  .    (no cloak)
rCorr   +                        q - +0 pair of gloves
Will    .....                    y - +0 pair of boots
Stlth   +                        (no amulet)
HPRegen 0.32/turn                u - +4 ring of protection
MPRegen 0.18/turn                (no ring)

@: lethally poisoned (-1 -> -27), glowing
A: fangs 1, strong nose, distributed training
a: Renounce Religion, Divine Shield


You were on level 7 of the Dungeon.
You worshipped the Shining One.
The Shining One was pleased with you.
You visited 1 branch of the dungeon, and saw 8 of its levels.

You collected 487 gold pieces.

Inventory:

Hand Weapons
 B - a +7 glaive of flaming (weapon)
 I - the +1 scimitar of the Modern Places {speed, rPois rF- rCorr Int+3}
   (You found it on level 6 of the Dungeon)

   Int:       It affects your intelligence (+3).
   rF:        It makes you vulnerable to fire.
   rPois:     It protects you from poison.
   rCorr:     It protects you from acid and corrosion.
Missiles
 j - a throwing net
 m - 19 boomerangs (quivered)
 C - 21 poisoned darts
 J - a curare-tipped dart
Armour
 a - a +0 robe
 c - a +0 helmet (worn)
 d - a +0 ring mail
 q - a +0 pair of gloves (worn)
 y - a +0 pair of boots (worn)
 z - a +0 buckler
 F - +0 acid dragon scales (worn)
 H - a +1 chain mail of poison resistance
 M - the +1 ring mail of the Lute {*Slow rF+ Regen+ Stlth+}
   (You found it on level 4 of the Dungeon)

   rF:        It protects you from fire.
   Regen:     It increases your rate of health regeneration.
   *Slow:     It may slow you when you take damage.
   Stlth:     It makes you more stealthy.
 N - the +1 pearl dragon scales of Lozxas {Fly rPois rN+ Str+6 Slay-3}
   (You found it on level 7 of the Dungeon)

   Str:       It affects your strength (+6).
   Slay:      It affects your accuracy & damage with ranged weapons and melee
   (-3).
   rPois:     It protects you from poison.
   rN:        It protects you from negative energy.
   Fly:       It grants you flight.
Magical Staves
 n - a staff of air
Jewellery
 u - a +4 ring of protection (left hand)
 K - a ring of fire
Wands
 i - a wand of flame (31)
Scrolls
 e - a scroll of summoning
 f - 3 scrolls of teleportation
 g - a scroll of magic mapping
 k - a scroll of enchant weapon {unknown}
 p - 3 scrolls of blinking
 t - 2 scrolls of fear {unknown}
 v - a scroll of vulnerability {unknown}
 w - a scroll of acquirement {unknown}
 x - a scroll of poison
 A - a scroll of fog {unknown}
 D - a scroll of enchant armour {unknown}
Potions
 b - 3 potions of lignification
 h - 2 potions of mutation
 l - 3 potions of invisibility
 o - 2 potions of flight
 r - 6 potions of brilliance
 s - 2 potions of might
 E - a potion of berserk rage {unknown}
 G - a potion of curing
 L - 2 potions of attraction {unknown}
 O - a potion of resistance {unknown}
 P - a potion of degeneration {unknown}


   Skills:
 + Level 6.7 Fighting
 + Level 6.1 Short Blades
 + Level 6.1 Long Blades
 + Level 6.1 Axes
 + Level 6.1 Maces & Flails
 + Level 6.1 Polearms
 + Level 6.1 Staves
 + Level 6.1 Ranged Weapons
 + Level 6.1 Throwing
 + Level 6.1 Armour
 + Level 7.7 Dodging
 + Level 6.1 Stealth
 + Level 6.1 Shields
 + Level 9.1 Unarmed Combat
 + Level 8.0 Spellcasting
 + Level 5.1 Conjurations
 + Level 5.1 Hexes
 + Level 5.1 Summonings
 + Level 5.1 Necromancy
 + Level 5.1 Translocations
 + Level 6.4 Transmutations
 + Level 5.1 Fire Magic
 + Level 5.1 Ice Magic
 + Level 5.1 Air Magic
 + Level 5.1 Earth Magic
 + Level 5.1 Poison Magic
 + Level 6.7 Invocations
 + Level 6.1 Evocations


You had 12 spell levels left.
You knew the following spells:

 Your Spells              Type           Power      Damage    Failure   Level
a - Beastly Appendage     Tmut           56%        N/A       1%          1
b - Wereblood             Tmut           28%        N/A       1%          2
c - Spider Form           Tmut/Pois      26%        N/A       4%          3
d - Ozocubu's Armour      Ice            24%        N/A       6%          3
e - Ice Form              Ice/Tmut       26%        N/A       16%         4

Your spell library contained the following spells:

 Spells                   Type           Power      Damage    Failure   Level
 Summon Guardian Golem    Hex/Summ       24%        N/A       6%          3
 Animate Armour           Summ/Erth      48%        N/A       21%         4
 Blade Hands              Tmut           14%        N/A       32%         5
 Metabolic Englaciation   Hex/Ice        12%        N/A       50%         5
 Iron Shot                Conj/Erth      12%        9d3       97%         6
 Simulacrum               Ice/Necr       12%        N/A       97%         6
 Orb of Destruction       Conj           12%        9d7       100%        7
 Spellforged Servitor     Conj/Summ      12%        N/A       100%        7


Dungeon Overview and Level Annotations

Branches:
Dungeon (8/15)             Temple (0/1) D:7
   Lair: D:8-11

Altars:
Kikubaaqudgha
Vehumet
Xom
The Shining One

Annotations:
D:6 2 runed translucent doors
D:7 Amaemon


Innate Abilities, Weirdness & Mutations

You have very sharp teeth.
Your uncanny sense of smell can sniff out nearby items.
Your experience applies equally to all skills.


Message History

Amaemon hits you but does no damage.
You are more poisoned.
Amaemon barely misses you.
Amaemon tail-slaps you but does no damage.
You slash Amaemon! You burn Amaemon.
Amaemon is moderately wounded.
You feel very sick.
Amaemon hits you with a +0 demon whip of venom!
You are more poisoned.
Amaemon closely misses you. x2
You hit Amaemon. You burn Amaemon. You bite Amaemon, but do no damage.
Amaemon is moderately wounded.
You feel very sick.
Amaemon hits you with a +0 demon whip of venom.
You are more poisoned.
Amaemon misses you.
Amaemon tail-slaps you but does no damage.
Amaemon drinks a potion.
Amaemon seems to grow stronger.
You barely miss Amaemon.
Amaemon is moderately wounded.
You feel extremely sick. Amaemon barely misses you. Amaemon closely misses you.
Amaemon tail-slaps you.
You are lethally poisoned!
Amaemon poisons you!
You slice Amaemon!! You burn Amaemon!
Amaemon is severely wounded.
* * * LOW HITPOINT WARNING * * *
You feel extremely sick.
Amaemon gestures wildly while chanting.
Amaemon hits you with a +0 demon whip of venom!
* * * LOW HITPOINT WARNING * * *
You are more poisoned.
Amaemon claws you but does no damage. Amaemon closely misses you.
You slash Amaemon! You burn Amaemon.
Amaemon is severely wounded.
* * * LOW HITPOINT WARNING * * *
You feel extremely sick.
The scorpion stings you but does no damage.
Amaemon hits you with a +0 demon whip of venom.
You die...

#<## ##.....###.......#.##
##.# ##...## #.#.##.###.##
#..# ##'## #.#.#..####.#
#.## #.# #.#......###. #.#
#########.# #.###..#.##.#
###.###.........## #.#
##.#.#.##
.....##.######...##
#.####....## ###..##.#
#..s..# #......#.## #
#..##.# ####..@###########.#
#
#..##.###......6s..........#
#
#.........##.###############
####.##.######.#
.....##.######.#
#######........# ##########


You could see Amaemon (strong) and 2 scorpions.

Vanquished Creatures
  Maggie (D:6)
  A wyvern (D:7)
  A wraith (D:7)
  The ghost of KarmaticGoose the Shooter, an amateur DsHu (D:4)
  Menkaure (D:6)
  Duvessa (D:4)
  2 orc warriors
  4 ice beasts
  2 sky beasts (D:7)
  An ogre (D:5)
  A phantom (D:4)
  A kobold brigand (D:6)
  A gnoll sergeant (D:5)
  3 scorpions
  Dowan (D:4)
  A howler monkey (D:5)
  5 hounds
  3 jellies
  An orc priest (D:6)
  A sleepcap (D:4)
  An iguana (D:6)
  3 orc wizards
  7 gnolls
  5 adders
  3 hound simulacra (D:4)
  2 shadow imps
  A white imp (D:4)
  An ufetubus (D:7)
  2 worms
  3 dart slugs
  An adder simulacrum (D:4)
  14 orcs
  3 ball pythons
  3 endoplasms
  5 giant cockroaches
  12 goblins
  11 hobgoblins
  3 jackals (D:3)
  8 kobolds
  5 quokkas
  5 bats
  A frilled lizard (D:1)
  6 rats
138 creatures vanquished.

Vanquished Creatures (others)
  6 fungi
  2 plants (D:2)
  4 toadstools (D:4)
12 creatures vanquished.

Grand Total: 150 creatures vanquished

Notes
Turn   | Place    | Note
-------+----------+-------------------------------------------
     0 | D:1      | Hubris850 the Gnoll Transmuter began the quest for the Orb.
     0 | D:1      | Reached XP level 1. HP: 17/17 MP: 6/6
   262 | D:1      | Reached XP level 2. HP: 23/23 MP: 7/7
   768 | D:2      | Reached skill level 5 in Spellcasting
   768 | D:2      | Reached XP level 3. HP: 28/28 MP: 7/9
   803 | D:2      | Reached skill level 1 in Invocations
   815 | D:2      | Reached skill level 1 in Short Blades
   815 | D:2      | Reached skill level 1 in Long Blades
   815 | D:2      | Reached skill level 1 in Axes
   815 | D:2      | Reached skill level 1 in Maces & Flails
   815 | D:2      | Reached skill level 1 in Polearms
   815 | D:2      | Reached skill level 1 in Staves
   815 | D:2      | Reached skill level 1 in Ranged Weapons
   815 | D:2      | Reached skill level 1 in Throwing
   815 | D:2      | Reached skill level 1 in Armour
   815 | D:2      | Reached skill level 1 in Stealth
   815 | D:2      | Reached skill level 1 in Shields
   815 | D:2      | Reached skill level 1 in Evocations
  1069 | D:2      | Reached XP level 4. HP: 34/34 MP: 11/11
  1304 | D:2      | Found a faded altar of an unknown god.
  1342 | D:2      | Prayed at the altar of an unknown god.
  1342 | D:2      | Became a worshipper of the Shining One
  1342 | D:2      | Reached * piety under the Shining One
  1520 | D:3      | Reached skill level 1 in Conjurations
  1520 | D:3      | Reached skill level 1 in Hexes
  1520 | D:3      | Reached skill level 1 in Summonings
  1520 | D:3      | Reached skill level 1 in Necromancy
  1520 | D:3      | Reached skill level 1 in Translocations
  1520 | D:3      | Reached skill level 1 in Fire Magic
  1520 | D:3      | Reached skill level 1 in Ice Magic
  1520 | D:3      | Reached skill level 1 in Air Magic
  1520 | D:3      | Reached skill level 1 in Earth Magic
  1520 | D:3      | Reached skill level 1 in Poison Magic
  1627 | D:3      | Found a glowing golden altar of the Shining One.
  1690 | D:3      | Reached XP level 5. HP: 21/40 MP: 12/12
  2162 | D:4      | Found a runed translucent gate.
  2163 | D:4      | Found a runed translucent gate.
  2164 | D:4      | Found a runed translucent gate.
  2173 | D:4      | Noticed a phantom
  2188 | D:4      | Killed a phantom
  2231 | D:4      | Learned a level 2 spell: Wereblood
  2231 | D:4      | Noticed Duvessa
  2259 | D:4      | Noticed Dowan
  2280 | D:4      | Killed Duvessa
  2281 | D:4      | Reached skill level 5 in Dodging
  2281 | D:4      | Reached XP level 6. HP: 21/47 MP: 14/14
  2285 | D:4      | HP: 1/47 [Dowan/shard of ice (18)]
  2288 | D:4      | The Shining One protects you from harm!
  2295 | D:4      | HP: 1/47 [Dowan/stone arrow (13)]
  2301 | D:4      | Killed Dowan
  2847 | D:4      | Reached skill level 7 in Unarmed Combat
  2847 | D:4      | Reached XP level 7. HP: 47/52 MP: 15/15
  3270 | D:4      | Noticed KarmaticGoose's ghost (amateur DsHu)
  3270 | D:4      | Reached ** piety under the Shining One
  3682 | D:5      | Entered Level 5 of the Dungeon
  3804 | D:5      | HP: 1/52 [gnoll sergeant/+2 heavy trident (14)]
  4633 | D:5      | Reached XP level 8. HP: 60/60 MP: 16/16
  4633 | D:5      | Reached skill level 5 in Short Blades
  4633 | D:5      | Reached skill level 5 in Long Blades
  4633 | D:5      | Reached skill level 5 in Axes
  4633 | D:5      | Reached skill level 5 in Maces & Flails
  4633 | D:5      | Reached skill level 5 in Polearms
  4633 | D:5      | Reached skill level 5 in Staves
  4633 | D:5      | Reached skill level 5 in Ranged Weapons
  4633 | D:5      | Reached skill level 5 in Throwing
  4633 | D:5      | Reached skill level 5 in Armour
  4633 | D:5      | Reached skill level 5 in Stealth
  4633 | D:5      | Reached skill level 5 in Shields
  4633 | D:5      | Reached skill level 8 in Unarmed Combat
  4633 | D:5      | Reached skill level 5 in Evocations
  4633 | D:5      | Reached XP level 9. HP: 69/69 MP: 16/20
  4638 | D:5      | Learned a level 3 spell: Spider Form
  4642 | D:5      | Learned a level 3 spell: Ozocubu's Armour
  4975 | D:6      | Noticed Menkaure
  4976 | D:6      | Noticed Maggie
  4978 | D:6      | Killed Menkaure
  4997 | D:6      | HP: 1/69 [Maggie/+7 glaive of flaming (8)]
  5006 | D:6      | Killed Maggie
  5305 | D:6      | Identified the +1 scimitar of the Modern Places {speed,
                  | rPois rF- rCorr Int+3}
  5673 | D:6      | Found a large runed translucent door.
  5677 | D:6      | Found a large runed translucent door.
  5677 | D:6      | Found a shimmering altar of Xom.
  6088 | D:4      | Killed KarmaticGoose's ghost
  6089 | D:4      | Reached skill level 9 in Unarmed Combat
  6124 | D:4      | Identified the +1 ring mail of the Lute {*Slow rF+ Regen+
                  | Stlth+}
  6217 | D:7      | Reached skill level 5 in Conjurations
  6217 | D:7      | Reached skill level 5 in Hexes
  6217 | D:7      | Reached skill level 5 in Summonings
  6217 | D:7      | Reached skill level 5 in Necromancy
  6217 | D:7      | Reached skill level 5 in Translocations
  6217 | D:7      | Reached skill level 5 in Fire Magic
  6217 | D:7      | Reached skill level 5 in Ice Magic
  6217 | D:7      | Reached skill level 5 in Air Magic
  6217 | D:7      | Reached skill level 5 in Earth Magic
  6217 | D:7      | Reached skill level 5 in Poison Magic
  6222 | D:7      | Learned a level 4 spell: Ice Form
  6271 | D:7      | Identified the +1 pearl dragon scales of Lozxas {Fly rPois
                  | rN+ Str+6 Slay-3}
  6277 | D:7      | Reached XP level 10. HP: 63/77 MP: 20/22
  6489 | D:7      | Found a staircase to the Ecumenical Temple.
  6628 | D:7      | Found an ancient bone altar of Kikubaaqudgha.
  6628 | D:7      | Found a radiant altar of Vehumet.
  7224 | D:8      | Noticed Amaemon
  7224 | D:8      | Noticed an orange demon
  7232 | D:7      | HP: 2/77 [poisoned by Amaemon]
  7232 | D:7      | Slain by Amaemon

Illustrated notes

Levels and vault maps discovered:
D:1:      onia_arrival_pyramid, layout_basic, nicolae_eternal_life
D:2:      layout_basic, shapermc_ecumenical_altar_mp_urbaneastern,
          dk_vineyard_2, minmay_circle_x
D:3:      layout_basic, nicolae_tso_carved_into_rock
D:4:      layout_layer_cave, gammafunk_ghost_icy, minmay_gold_behind_fungi,
          uniq_duvessa
D:5:      layout_basic
D:6:      due_chaos_kobolds, layout_basic, kennysheep_generic_room_7,
          uniq_maggie, uniq_menkaure
D:7:      layout_loops_corners, gammafunk_temple_overflow_elements,
          minmay_temple_entry_slanted, minmay_misc_feat_nine_boxes,
          kennysheep_generic_room_4
D:8:      layout_rooms, enter_bailey_5, grunt_ministairs_15, uniq_amaemon

Skill      XL: |  1  2  3  4  5  6  7  8  9 |
---------------+----------------------------+-----
Spellcasting   | 5 7 8 |  8.0
Invocations    | 1 2 3 6 |  6.7
Short Blades   | 1 2 3 5 6 |  6.1
Long Blades    | 1 2 3 5 6 |  6.1
Axes           | 1 2 3 5 6 |  6.1
Maces & Flails | 1 2 3 5 6 |  6.1
Polearms       | 1 2 3 5 6 |  6.1
Staves         | 1 2 3 5 6 |  6.1
Ranged Weapons | 1 2 3 5 6 |  6.1
Throwing       | 1 2 3 5 6 |  6.1
Armour         | 1 2 3 5 6 |  6.1
Stealth        | 1 2 3 5 6 |  6.1
Shields        | 1 2 3 5 6 |  6.1
Evocations     | 1 2 3 5 6 |  6.1
Conjurations   | 1 2 4 5 |  5.1
Hexes          | 1 2 4 5 |  5.1
Summonings     | 1 2 4 5 |  5.1
Necromancy     | 1 2 4 5 |  5.1
Translocations | 1 2 4 5 |  5.1
Fire Magic     | 1 2 4 5 |  5.1
Ice Magic      | 1 2 4 5 |  5.1
Air Magic      | 1 2 4 5 |  5.1
Earth Magic    | 1 2 4 5 |  5.1
Poison Magic   | 1 2 4 5 |  5.1
Fighting       | 3 4 6 |  6.7
Transmutations | 4 6 |  6.4
Dodging        | 5 7 |  7.7
Unarmed Combat | 7 8 9 |  9.1

Action                     |  1- 3 |  4- 6 |  7- 9 | 10-12 || total
---------------------------+-------+-------+-------+-------++-------
  Melee: Unarmed           |    92 |   129 |   120 |       ||   341
         Bite              |    15 |    18 |    27 |     4 ||    64
         Punch             |     7 |     6 |    12 |       ||    25
         Kick              |     4 |     3 |     5 |       ||    12
         Headbutt          |     1 |     3 |     3 |       ||     7
         Glaive            |       |       |    75 |    25 ||   100
  Throw: Boomerang         |       |     9 |     7 |       ||    16
         Throwing net      |       |     1 |       |       ||     1
   Cast: Beastly Appendage |     4 |     3 |     1 |       ||     8
         Wereblood         |       |     1 |     3 |       ||     4
  Evoke: Wand              |       |       |     2 |       ||     2
    Use: Potion            |       |     6 |     5 |       ||    11
         Scroll            |       |       |     9 |       ||     9
 Armour: Ring mail         |    32 |    28 |    31 |       ||    91
         Acid dragon scale |       |       |    34 |    14 ||    48
  Dodge: Dodged            |    57 |    48 |   117 |    28 ||   250

Table legend: (Time is in decaauts)
 A = Elapsed time spent in this place.
 B = Non-inter-level travel time spent in this place.
 C = Inter-level travel time spent in this place.
 D = Time resting spent in this place.
 E = Time spent auto-exploring this place.
 F = Levels seen in this place.
 G = Mean time per level.
                   A        B        C        D        E       F      G
               +--------+--------+--------+--------+--------+-----+--------+
         Total |   7237 |   6914 |    323 |   1155 |   4533 |   8 |  904.6 |
       Dungeon |   7237 |   6914 |    323 |   1155 |   4533 |   8 |  904.6 |
               +--------+--------+--------+--------+--------+-----+--------+

Top non-repeatable levels by time:
     D:4: 1692 daAuts
     D:6: 1265 daAuts
     D:5: 1088 daAuts
     D:7: 1061 daAuts
     D:3: 770 daAuts
     D:2: 703 daAuts
     D:1: 654 daAuts
     D:8: 1 daAuts
